 Dungeon Crawl Stone Soup version 0.27-a0-1230-gfc7c993222 (webtiles) character file.

Game seed: 4427018516058409174

1911 Froggeryz the Skirmisher (level 9, 0/109 HPs)
             Began as a Gnoll Abyssal Knight on June 8, 2021.
             Was a Priest of Lugonu.
             Slain by a kobold
             ... wielding a +0 club
              (2 damage)
             ... on level 7 of the Dungeon.
             The game lasted 00:07:53 (6193 turns).

Froggeryz the Skirmisher (Gnoll Abyssal Knight)     Turns: 6193, Time: 00:07:53

Health: 0/109      AC: 24    Str: 15    XL:     9   Next: 16%
Magic:  15/15      EV:  2    Int: 12    God:    Lugonu [***...]
Gold:   449        SH:  0    Dex: 17    Spells: 16/16 levels left

rFire    + . .     SeeInvis .   e - +5 halberd (elec)
rCold    + . .     Faith    .   (shield currently unavailable)
rNeg     + + +     Spirit   .   (armour currently unavailable)
rPois    +         Reflect  .   (helmet currently unavailable)
rElec    +         Harm     .   (cloak currently unavailable)
rCorr    +         Rampage  .   (gloves currently unavailable)
Will     .....     NoTele   +   (boots currently unavailable)
Stlth    +++.......             G - amulet of regeneration
HPRegen  1.28/turn              b - +6 ring of dexterity
MPRegen  0.14/turn              l - ring of wizardry

@: lethally poisoned (0 -> -1), tree-form, resistant, slowed, very slow
A: stationary, stasis, torment immunity, boosted hp, (fangs 1), strong nose,
distributed training
a: Renounce Religion, Depart the Abyss, Bend Space, Banish


You were on level 7 of the Dungeon.
You worshipped Lugonu.
Lugonu was most pleased with you.
You were a tree.
You visited 1 branch of the dungeon, and saw 8 of its levels.
You visited the Abyss 1 time.

You collected 449 gold pieces.

Inventory:

Hand Weapons
 a - a +1 spear
 e - a +5 halberd of electrocution (weapon)
 y - a +0 hunting sling
Missiles
 c - 194 stones
 h - a throwing net
 o - 65 sling bullets
 C - a curare-tipped dart
 H - 6 atropa-tipped darts
Armour
 i - a +0 ring mail (melded)
 j - a +0 buckler
 m - a +0 helmet (melded)
 t - a +2 pair of gloves (melded)
Jewellery
 b - a +6 ring of dexterity (left branch)
 l - a ring of wizardry (right branch)
 G - an amulet of regeneration (around neck)
 I - a ring of ice
Wands
 f - a wand of digging (6)
 A - a wand of charming (9)
 F - a wand of flame (33)
Scrolls
 r - 3 scrolls of magic mapping
 s - 2 scrolls of enchant armour
 u - a scroll of fear
 x - 3 scrolls of teleportation
 D - 2 scrolls of immolation
Potions
 d - 2 potions of haste
 g - a potion of flight {unknown}
 k - a potion of resistance
 n - a potion of lignification
 p - a potion of might {unknown}
 q - 2 potions of curing {unknown}
 v - 2 potions of berserk rage
 w - a potion of mutation {unknown}
 z - a potion of degeneration {unknown}
 B - a potion of brilliance {unknown}
 E - a potion of heal wounds {unknown}


   Skills:
 + Level 7.7 Fighting
 + Level 4.0 Short Blades
 + Level 4.0 Long Blades
 + Level 4.0 Axes
 + Level 4.0 Maces & Flails
 + Level 6.1 Polearms
 + Level 4.0 Staves
 + Level 4.0 Slings
 + Level 4.0 Bows
 + Level 4.0 Crossbows
 + Level 4.0 Throwing
 + Level 6.1 Armour
 + Level 4.8 Dodging
 + Level 4.0 Stealth
 + Level 4.0 Shields
 + Level 4.0 Unarmed Combat
 + Level 4.0 Spellcasting
 + Level 3.2 Conjurations
 + Level 3.2 Hexes
 + Level 3.2 Summonings
 + Level 3.2 Necromancy
 + Level 3.2 Translocations
 + Level 3.2 Transmutations
 + Level 3.2 Fire Magic
 + Level 3.2 Ice Magic
 + Level 3.2 Air Magic
 + Level 3.2 Earth Magic
 + Level 3.2 Poison Magic
 + Level 6.4 Invocations
 + Level 4.0 Evocations


You had 16 spell levels left.
You didn't know any spells.
Your spell library contained the following spells:

 Spells                   Type           Power      Damage    Failure   Level
 Animate Skeleton         Necr           20%        N/A       2%          1
 Pain                     Necr           40%        1d6       2%          1
 Vampiric Draining        Necr           5%         2d6       7%          3
 Animate Dead             Necr           5%         N/A       22%         4
 Cause Fear               Hex            5%         N/A       22%         4
 Agony                    Necr           10%        N/A       52%         5
 Silence                  Hex/Air        5%         N/A       52%         5
 Yara's Violent Unravell  Hex/Tmut       5%         3d4       52%         5
 Discord                  Hex            5%         N/A       100%        8


Dungeon Overview and Level Annotations

Branches:
Dungeon (8/15)             Temple (0/1) D:7
   Lair: D:8-11

Altars:
Nemelex Xobeh
Uskayaw
Wu Jian
Zin

Shops:
D:4 *

Annotations:
D:6 3 runed translucent doors, endorz's ghost, novice MiBe


Innate Abilities, Weirdness & Mutations

You are a tree.
Your roots penetrate the ground, keeping you stationary.
You cannot be teleported.
You are immune to unholy pain and torment.
Your maximum health is greatly increased.
Your equipment is partially melded.
((You have very sharp teeth.))
Your uncanny sense of smell can sniff out nearby items.
Your experience applies equally to all skills.


Message History

You are too injured to fight recklessly!
You are too injured to fight recklessly!
You are too injured to fight recklessly!
You are too injured to fight recklessly!
You are too injured to fight recklessly!
You are too injured to fight recklessly!
You are too injured to fight recklessly!
You are too injured to fight recklessly!
You are too injured to fight recklessly!
You are too injured to fight recklessly!
You are too injured to fight recklessly!
You are too injured to fight recklessly!
You are too injured to fight recklessly!
You are too injured to fight recklessly!
Okay, then.
You feel extremely sick. The kobold hits you with a +0 club.
You feel extremely sick.
The kobold throws a poisoned dart.
The poisoned dart hits you!
You are more poisoned.
There is a stone staircase leading up here.
* * * LOW HITPOINT WARNING * * *
You feel extremely sick. The kobold hits you but does no damage.
The kobold misses you.
You climb upwards.
* * * LOW HITPOINT WARNING * * *
You feel extremely sick.
There is a stone staircase leading down here.
It was a potion of resistance.
You feel protected.
You feel very sick.
The kobold hits you but does no damage. x2; The kobold hits you with a +0 whip.
* * * LOW HITPOINT WARNING * * *
The kobold completely misses you.
It was a potion of lignification.
You turn into a tree.
Your +0 helmet melds into your body.
Your +2 pair of gloves melds into your body.
Your +0 ring mail melds into your body.
Your roots penetrate the ground.
You feel sick. The kobold hits you with a +0 club.
You die...

###.....##...#
#.#..#)..#........
#..........###............##.##
###........##..##..[...##......
##...........#.....##.......#
#..#...#...###..##.#........#
##.....##..#.................
#............#..#........###
##........KK##..#........##.
#...#.....K♣#........###.###
#..##......##....##...#.....
#...#(...........##..###..#.
##............#...##.###..##
#.............##.....##.....
##..........#.............#.
#.#....#.................#.
####...##..................
#..#................#.##


You could see 3 kobolds.

Vanquished Creatures
  A wyvern (D:6)
  Eustachio (D:6)
  Duvessa (D:7)
  A sky beast (D:4)
  A centaur (D:7)
  2 ogres
  A phantom (D:3)
  A kobold brigand (D:6)
  2 bullfrogs
  2 scorpions (D:5)
  2 water moccasin zombies
  Dowan (D:7)
  2 howler monkeys
  A bullfrog zombie (D:5)
  2 hounds
  2 orc priests (D:4)
  2 bullfrog skeletons
  Jessica (D:2)
  3 orc wizards
  A scorpion zombie (D:5)
  A killer bee zombie (D:7)
  Robin (D:4)
  7 adders
  A white imp (D:7)
  An ufetubus (D:7)
  4 worms
  3 dart slugs
  17 orcs
  7 endoplasms
  3 giant cockroaches
  10 goblins
  7 hobgoblins
  5 jackals (D:1)
  16 kobolds
  7 quokkas
  11 ball pythons
  6 bats
  3 frilled lizards
  10 rats
150 creatures vanquished.

Vanquished Creatures (others)
  An orc wizard (D:7)
1 creature vanquished.

Grand Total: 151 creatures vanquished

Notes
Turn   | Place    | Note
-------+----------+-------------------------------------------
     0 | Abyss:1  | Froggeryz the Gnoll Abyssal Knight began the quest for the
                  | Orb.
     0 | Abyss:1  | Reached XP level 1. HP: 23/23 MP: 3/3
    83 | Abyss:2  | Noticed a large abomination
    84 | D:1      | Escaped the Abyss
   206 | D:1      | Reached XP level 2. HP: 23/29 MP: 5/5
   208 | D:1      | Reached * piety under Lugonu
   530 | D:1      | You fall into a shaft and drop 1 floor!
   530 | D:2      | Found a glowing silver altar of Zin.
   567 | D:2      | Reached XP level 3. HP: 35/35 MP: 6/6
   701 | D:2      | Reached skill level 1 in Short Blades
   701 | D:2      | Reached skill level 1 in Long Blades
   701 | D:2      | Reached skill level 1 in Axes
   701 | D:2      | Reached skill level 1 in Maces & Flails
   701 | D:2      | Reached skill level 1 in Staves
   701 | D:2      | Reached skill level 1 in Slings
   701 | D:2      | Reached skill level 1 in Bows
   701 | D:2      | Reached skill level 1 in Crossbows
   701 | D:2      | Reached skill level 1 in Throwing
   701 | D:2      | Reached skill level 1 in Stealth
   701 | D:2      | Reached skill level 1 in Shields
   701 | D:2      | Reached skill level 1 in Unarmed Combat
   701 | D:2      | Reached skill level 1 in Spellcasting
   701 | D:2      | Reached skill level 1 in Evocations
   866 | D:2      | Reached XP level 4. HP: 41/41 MP: 7/7
   867 | D:2      | Noticed Jessica
   876 | D:2      | Killed Jessica
   877 | D:2      | Reached skill level 1 in Conjurations
   877 | D:2      | Reached skill level 1 in Hexes
   877 | D:2      | Reached skill level 1 in Summonings
   877 | D:2      | Reached skill level 1 in Necromancy
   877 | D:2      | Reached skill level 1 in Translocations
   877 | D:2      | Reached skill level 1 in Transmutations
   877 | D:2      | Reached skill level 1 in Fire Magic
   877 | D:2      | Reached skill level 1 in Ice Magic
   877 | D:2      | Reached skill level 1 in Air Magic
   877 | D:2      | Reached skill level 1 in Earth Magic
   877 | D:2      | Reached skill level 1 in Poison Magic
   883 | D:2      | Reached ** piety under Lugonu
  1757 | D:3      | Reached XP level 5. HP: 47/47 MP: 8/8
  2044 | D:3      | Noticed a phantom
  2046 | D:3      | Killed a phantom
  2150 | D:3      | Reached skill level 5 in Invocations
  2221 | D:3      | Reached XP level 6. HP: 52/53 MP: 9/9
  2675 | D:4      | Reached skill level 5 in Polearms
  2675 | D:4      | Reached skill level 5 in Armour
  2944 | D:4      | Noticed Robin
  3012 | D:4      | Killed Robin
  3136 | D:4      | Reached *** piety under Lugonu
  3159 | D:4      | Reached XP level 7. HP: 52/59 MP: 10/10
  3238 | D:4      | Reached skill level 7 in Fighting
  3286 | D:4      | Identified the +1 leather armour of Omission {rPois Int+7
                  | Stlth-}
  3436 | D:4      | Found an ornate altar of the Wu Jian Council.
  3496 | D:4      | Found Raugekh's Assorted Antiques.
  3756 | D:5      | Entered Level 5 of the Dungeon
  4076 | D:5      | Reached XP level 8. HP: 66/67 MP: 12/12
  4522 | D:6      | Noticed Eustachio
  4531 | D:6      | Killed Eustachio
  4562 | D:6      | Found a hide-covered altar of Uskayaw.
  4702 | D:6      | Found a glowing silver altar of Zin.
  4704 | D:6      | Found a sparkling altar of Nemelex Xobeh.
  4933 | D:6      | Found a runed translucent gate.
  4933 | D:6      | Found a runed translucent gate.
  4933 | D:6      | Found a runed translucent gate.
  4934 | D:6      | Noticed endorz's ghost (novice MiBe)
  5394 | D:6      | Noticed a wyvern
  5398 | D:6      | Killed a wyvern
  5625 | D:7      | Noticed Duvessa
  5625 | D:7      | Noticed Dowan
  5641 | D:7      | Killed Dowan
  5642 | D:7      | Reached XP level 9. HP: 48/72 MP: 14/14
  5642 | D:7      | Killed Duvessa
  5898 | D:7      | Found a staircase to the Ecumenical Temple.
  6192 | D:7      | HP: 1/73 [kobold/+0 whip (3)]
  6193 | D:7      | Slain by a kobold

Illustrated notes

Levels and vault maps discovered:
D:1:      saegor_arrival_simple_b, layout_loops_ring,
          chequers_serial_rivers_room_b
D:2:      wad_crossroads, layout_basic, serial_forest, infiniplex_forest_end_3,
          infiniplex_forest_straight_2, infiniplex_forest_clump_long,
          infiniplex_forest_clump_double, infiniplex_forest_3_way,
          infiniplex_forest_clump_small, infiniplex_forest_clump_diagonal,
          infiniplex_forest_zigzag_1, infiniplex_forest_clump_small,
          basic_altar, minmay_vboxes, uniq_jessica
D:3:      layout_basic, serial_corexii_hall, corexii_hall_statues_i,
          corexii_hall_statues_x, corexii_hall_statues_s,
          chequers_hall_statues_corner_a, chequers_hall_statues_y,
          corexii_hall_statues_s, st_stairs_10, minmay_misc_feat_secret_circle,
          minmay_misc_feat_rugged, minivault_23
D:4:      layout_loops_cross, nzn_wu_jian_council_hall, serial_shops,
          kennysheep_mini, uniq_robin
D:5:      layout_loops_ring, st_stairs_8
D:6:      layout_basic, nicolae_uskayaw_dance_hall, grunt_temple_overflow_open,
          gammafunk_ghost_split, uniq_eustachio
D:7:      layout_cave_pools, minmay_temple_entry_crystal_x, uniq_duvessa
D:8:      layout_cave_pods, lemuel_round_altar, minmay_misc_feat_tiny,
          hellmonk_guarded_unrand_staff_of_battle

Skill      XL: |  1  2  3  4  5  6  7  8  9 |
---------------+----------------------------+-----
Short Blades   | 1 2 3 4 |  4.0
Long Blades    | 1 2 3 4 |  4.0
Axes           | 1 2 3 4 |  4.0
Maces & Flails | 1 2 3 4 |  4.0
Staves         | 1 2 3 4 |  4.0
Slings         | 1 2 3 4 |  4.0
Bows           | 1 2 3 4 |  4.0
Crossbows      | 1 2 3 4 |  4.0
Throwing       | 1 2 3 4 |  4.0
Stealth        | 1 2 3 4 |  4.0
Shields        | 1 2 3 4 |  4.0
Unarmed Combat | 1 2 3 4 |  4.0
Spellcasting   | 1 2 3 4 |  4.0
Evocations     | 1 2 3 4 |  4.0
Conjurations   | 1 2 3 |  3.2
Hexes          | 1 2 3 |  3.2
Summonings     | 1 2 3 |  3.2
Necromancy     | 1 2 3 |  3.2
Translocations | 1 2 3 |  3.2
Transmutations | 1 2 3 |  3.2
Fire Magic     | 1 2 3 |  3.2
Ice Magic      | 1 2 3 |  3.2
Air Magic      | 1 2 3 |  3.2
Earth Magic    | 1 2 3 |  3.2
Poison Magic   | 1 2 3 |  3.2
Dodging        | 3 4 |  4.8
Invocations    | 5 6 |  6.4
Polearms       | 5 6 |  6.1
Armour         | 5 6 |  6.1
Fighting       | 7 |  7.7

Action                   |  1- 3 |  4- 6 |  7- 9 || total
-------------------------+-------+-------+-------++-------
Melee: Halberd           |    51 |   147 |   134 ||   332
       Bite              |     3 |     6 |    14 ||    23
 Fire: Hunting sling     |       |       |     3 ||     3
Invok: Depart the Abyss  |     1 |       |       ||     1
  Use: Scroll            |     2 |     4 |     5 ||    11
       Potion            |       |       |     2 ||     2
 Stab: Sleeping          |     2 |     7 |     2 ||    11
       Distracted        |       |       |     1 ||     1
Armor: Leather armour    |    10 |       |       ||    10
       Ring mail         |     4 |    44 |    59 ||   107
Dodge: Dodged            |    23 |    71 |    84 ||   178

Table legend: (Time is in decaauts)
 A = Elapsed time spent in this place.
 B = Non-inter-level travel time spent in this place.
 C = Inter-level travel time spent in this place.
 D = Time resting spent in this place.
 E = Time spent auto-exploring this place.
 F = Levels seen in this place.
 G = Mean time per level.
                   A        B        C        D        E       F      G
               +--------+--------+--------+--------+--------+-----+--------+
         Total |   6277 |   5997 |    280 |    298 |   4686 |  10 |  627.7 |
       Dungeon |   6193 |   5913 |    280 |    298 |   4686 |   8 |  774.1 |
         Abyss |     83 |     83 |      0 |      0 |      0 |   2 |   41.5 |
               +--------+--------+--------+--------+--------+-----+--------+

Top non-repeatable levels by time:
     D:3: 1472 daAuts
     D:6: 1097 daAuts
     D:2: 1000 daAuts
     D:4: 801 daAuts
     D:5: 777 daAuts
     D:7: 579 daAuts
     D:1: 453 daAuts
 Abyss:1: 49 daAuts
 Abyss:2: 34 daAuts
     D:8: 12 daAuts
